 Dungeon Crawl Stone Soup version 0.19-a0-1490-g5dd3618 (webtiles) character file.

337 Amnesiac the Changer (level 6, -3/42 HPs)
             Began as an Octopode Transmuter on Sept 8, 2016.
             Splashed by a jelly's acid (8 damage)
             ... on level 5 of the Dungeon.
             The game lasted 00:05:04 (1793 turns).

Amnesiac the Changer (Octopode Transmuter)          Turns: 1793, Time: 00:05:04

Health: -3/42      AC:  1    Str: 10    XL:     6   Next: 54%
Magic:  1/9        EV: 14    Int: 15    God:
Gold:   117        SH:  0    Dex: 14    Spells: 3 memorised, 4 levels left

rFire  . . .     SeeInvis .       - Unarmed
rCold  . . .     Gourm    .     (no shield)
rNeg   . . .     Faith    .     (helmet restricted)
rPois  .         Spirit   .     (no amulet)
rElec  .         Dismiss  .     (no ring)
rCorr  .         Reflect  .     (no ring)
MR     .....     Harm     .     (no ring)
Stlth  ++........               (no ring)
                                (no ring)
                                (no ring)
                                (no ring)
                                (no ring)

@: very slightly contaminated
A: almost no armour, stealthy swim, amphibious, 8 rings, constrict 8, camouflage
1, gelatinous body 1
a: no special abilities


You were on level 5 of the Dungeon.
You were hungry.

You visited 1 branch of the dungeon, and saw 5 of its levels.

You collected 117 gold pieces.

Inventory:

Missiles
 a - 48 arrows
Wands
 o - a wand of polymorph (4/24)
Scrolls
 e - 3 scrolls of remove curse {unknown}
 i - a scroll of teleportation {unknown}
 l - a scroll of enchant weapon {unknown}
 m - a scroll of fog {unknown}
 n - a scroll of fear {unknown}
 q - a scroll of amnesia {unknown}
 r - 2 scrolls of random uselessness {unknown}
Potions
 d - a potion of heal wounds {unknown}
 h - a potion of flight {unknown}
 j - 2 potions of curing {unknown}
 k - a potion of lignification {unknown}
 p - a potion of mutation {unknown}
 t - 2 potions of resistance {unknown}
Books
 b - a book of Changes

   Spells                             Type                      Level
   a - Beastly Appendage              Transmutation                1
   b - Sticks to Snakes               Transmutation                2
   c - Spider Form                    Transmutation/Poison         3
   d - Ice Form                       Ice/Transmutation            4
   e - Blade Hands                    Transmutation                5
Comestibles
 c - 3 bread rations
 f - a meat ration
 g - 3 fruits
 s - 9 chunks of flesh


   Skills:
 + Level 3.0 Fighting
 + Level 2.9 Dodging
 * Level 4.2 Unarmed Combat
 + Level 2.5 Spellcasting
 * Level 4.3 Transmutations


You had 4 spell levels left.
You knew the following spells:

 Your Spells              Type           Power        Failure   Level  Hunger
a - Beastly Appendage     Tmut           ##....       4%          1    #......
d - Sticks to Snakes      Tmut           ##......     8%          2    ###....
e - Spider Form           Tmut/Pois      #.........   30%         3    ###....


Dungeon Overview and Level Annotations

Branches:
Dungeon (5/15)
 Temple: D:4-7

Altars:


Innate Abilities, Weirdness & Mutations

You cannot wear most types of armour.
You are very stealthy in the water.
You are amphibious.
You can wear up to eight rings at the same time.
You can use your tentacles to constrict eight enemies at once.
Your skin changes colour to match your surroundings (Stealth+).
Your rubbery body absorbs attacks. (AC +1, EV +1)


Message History

You see here a hound skeleton.
You are no longer corroded.
Casting: Spider Form
Confirm with . or Enter, or press ? or * to list all spells.
You miscast Spider Form.
You are very lightly contaminated with residual magic.
You feel mildly nauseous. The jelly hits you.
* * * LOW HITPOINT WARNING * * *
You are splashed with acid!
The acid burns!
* * * LOW HITPOINT WARNING * * *
Okay, then.
The jelly jiggles.
Casting: Spider Form
Confirm with . or Enter, or press ? or * to list all spells.
You create a snake!
You now have 48 arrows.
You are feeling hungry.
The jelly hits you.
* * * LOW HITPOINT WARNING * * *
You are splashed with acid!
The acid burns!
You die...

#..# #.# #..#
####.## #..#
#...... #..#
#.#####
#..#######.# #
###..#.......#
#
#...#..#####.#
# #J#..#.#
#.#####
#@#.##.#
#....รท.
#S#.##.#
#######
##.#####.#.##.#
#..........##.#
#..##########.#
#.#


You could see a jelly and a friendly ball python.

Vanquished Creatures
  2 scorpions (D:4)
  2 hounds
  A giant frog skeleton (D:5)
  An orc wizard (D:5)
  A worker ant (D:4)
  Robin (D:3)
  3 adders
  A shadow imp (D:5)
  2 worms (D:4)
  3 giant geckos
  3 orcs (D:5)
  A giant cockroach (D:3)
  9 goblins
  4 hobgoblins
  10 jackals
  A quokka (D:5)
  4 bats
  3 kobolds
  2 rats
54 creatures vanquished.

Notes
Turn   | Place    | Note
-------+----------+-------------------------------------------
     0 | D:1      | Amnesiac the Octopode Transmuter began the quest for the Orb.
     0 | D:1      | Reached XP level 1. HP: 13/13 MP: 3/3
   203 | D:1      | Reached XP level 2. HP: 16/18 MP: 3/5
   252 | D:1      | Learned a level 2 spell: Sticks to Snakes
   394 | D:3      | Reached XP level 3. HP: 18/24 MP: 6/6
   404 | D:3      | Learned a level 3 spell: Spider Form
   548 | D:3      | Noticed Robin
   673 | D:3      | Killed Robin
   682 | D:3      | Reached XP level 4. HP: 28/29 MP: 4/7
   862 | D:4      | Reached XP level 5. HP: 35/35 MP: 5/8
  1198 | D:4      | Reached XP level 6. HP: 18/41 MP: 9/9
  1603 | D:5      | Entered Level 5 of the Dungeon
  1793 | D:5      | Splashed by a jelly's acid

Vault maps used:
D:1:      co_arrival_random_square_maze, minmay_misc_feat_tiny
D:2:      minmay_roachtagon, makhleb_heckhound_becter, first_bread,
          minmay_statues_item, trog_book, uniq_terence
D:3:      minmay_wonky_spiral, uniq_robin
D:4:      hangedman_glass_teeth
D:5:      gup_sewer_entry_glass

Skill      XL: |  1  2  3  4  5  6 |
---------------+-------------------+-----
Transmutations | 3 4 |  4.3
Fighting       | 2 3 |  3.0
Unarmed Combat | 4 |  4.2
Dodging        | |  2.9
Spellcasting   | |  2.5

Action                   |  1- 3 |  4- 6 || total
-------------------------+-------+-------++-------
Melee: Unarmed           |    71 |    80 ||   151
       Constrict         |    19 |     9 ||    28
       Kick              |     6 |       ||     6
       Tentacles         |     9 |     8 ||    17
       Punch             |     2 |       ||     2
 Cast: Beastly Appendage |     4 |       ||     4
       Spider Form       |     3 |    11 ||    14
       Sticks to Snakes  |       |     1 ||     1
 Stab: Sleeping          |     4 |     4 ||     8
  Eat: Chunk             |       |     5 ||     5
Armor: Skin              |     4 |     2 ||     6
Dodge: Dodged            |    46 |    67 ||   113
